[ AOE2 MATCH · #482566615 ]
UnrankedKhmer vs Muisca
[ REPLAY ANALYSIS · EXTRACTED FROM THE RECORDED GAME ]
Feudal
12:59
Castle
15:40
Imperial
27:18
| APM avg | 28.5 |
| APM peak | 88 |
| eAPM avg | 12.6 |
| Villagers / military | 125 / 87 |
Focus
⚔️ 31.0% · 🌾 69.0%
Scorpion ×38 · Scout Cavalry ×31 · Battering Ram ×9 · Trebuchet (Packed) ×5 · Monk ×2 · Battle Elephant ×2
Feudal
10:50
Castle
18:53
Imperial
33:13
| APM avg | 17.4 |
| APM peak | 76 |
| eAPM avg | 10.0 |
| Villagers / military | 75 / 6 |
Focus
⚔️ 19.2% · 🌾 80.8%
Unknown (2586) ×38 · Battering Ram ×6
Feudal
12:17
Castle
18:29
Imperial
32:59
| APM avg | 31.0 |
| APM peak | 78 |
| eAPM avg | 19.6 |
| Villagers / military | 153 / 98 |
Focus
⚔️ 30.3% · 🌾 69.7%
Archer ×57 · Mangonel ×17 · Scout Cavalry ×14 · Bombard Cannon ×6 · Trebuchet (Packed) ×4
Feudal
15:39
Castle
23:15
Imperial
—
| APM avg | 7.8 |
| APM peak | 24 |
| eAPM avg | 6.1 |
| Villagers / military | 75 / 28 |
Focus
⚔️ 18.6% · 🌾 81.4%
Skirmisher ×10 · Archer ×7 · Spearman ×7 · Scout Cavalry ×4
Match map
Initial resources + every placement click. Lines = walls · curves = elevation contours. ◆ gold · ⬟ stone · ● berries · ✦ relic · ◌ wall gap
Your base· ✓ Closed at 15:40 · 0t walls · 3 gate(s)
Cardboard's base· ✓ Closed at 18:53 · 0t walls · 3 gate(s)
felipetbp's base· ✓ Closed at 18:29 · 0t walls · 3 gate(s)
Sheldor's base· ✓ Closed at 23:15 · 0t walls · 3 gate(s)
Smoothed initial terrain · ◌ = detected wall gap · hover for details
Inputs per minute
— Nicholas - - Cardboard
Build order — Nicholas
First 150 of 224 actions detected
| 0:03 | Create | Villager (Male) |
| 0:04 | Create | Villager (Male) |
| 0:04 | Create | Villager (Male) |
| 0:04 | Create | Villager (Male) |
| 0:05 | Create | Villager (Male) |
| 0:11 | Build | House |
| 0:13 | Build | House |
| 0:16 | Build | House |
| 0:17 | Build | House |
| 1:26 | Build | Lumber Camp |
| 1:29 | Create | Villager (Male) |
| 1:29 | Create | Villager (Male) |
| 2:05 | Create | Villager (Male) |
| 2:05 | Create | Villager (Male) |
| 2:19 | Create | Villager (Male) |
| 3:04 | Create | Villager (Male) |
| 3:04 | Create | Villager (Male) |
| 3:36 | Create | Villager (Male) |
| 3:36 | Create | Villager (Male) |
| 3:59 | Create | Villager (Male) |
| 3:59 | Create | Villager (Male) |
| 5:24 | Create | Villager (Male) |
| 5:24 | Create | Villager (Male) |
| 5:24 | Create | Villager (Male) |
| 5:24 | Create | Villager (Male) |
| 5:25 | Create | Villager (Male) |
| 5:25 | Create | Villager (Male) |
| 5:25 | Create | Villager (Male) |
| 6:28 | Create | Villager (Male) |
| 6:28 | Create | Villager (Male) |
| 6:53 | Create | Villager (Male) |
| 6:54 | Create | Villager (Male) |
| 6:54 | Create | Villager (Male) |
| 6:54 | Create | Villager (Male) |
| 7:20 | Create | Villager (Male) |
| 7:20 | Create | Villager (Male) |
| 7:21 | Create | Villager (Male) |
| 7:33 | Build | House |
| 7:44 | Build | Mill |
| 7:47 | Create | Villager (Male) |
| 7:47 | Create | Villager (Male) |
| 7:47 | Create | Villager (Male) |
| 9:15 | Research | Feudal Age |
| 10:07 | Build | Mining Camp |
| 10:28 | Build | Farm |
| 10:28 | Build | Farm |
| 10:36 | Build | Farm |
| 10:40 | Build | Farm |
| 10:48 | Build | Farm |
| 10:58 | Build | Farm |
| 11:32 | Build | Farm |
| 11:37 | Build | Farm |
| 11:49 | Build | Farm |
| 12:59 | Age | Feudal Age |
| 13:00 | Research | Castle Age |
| 13:08 | Research | Horse Collar |
| 13:28 | Research | Double-Bit Axe |
| 13:35 | Build | House |
| 13:37 | Build | House |
| 13:38 | Build | House |
| 14:36 | Build | Stable |
| 15:14 | Build | House |
| 15:40 | Age | Castle Age |
| 16:10 | Build | Town Center |
| 16:12 | Create | Villager (Male) |
| 16:12 | Create | Villager (Male) |
| 16:12 | Create | Villager (Male) |
| 16:13 | Create | Villager (Male) |
| 16:17 | Build | Monastery |
| 16:25 | Build | Town Center |
| 16:31 | Research | Bow Saw |
| 17:03 | Create | Monk |
| 17:04 | Create | Monk |
| 17:24 | Research | Heavy Plow |
| 17:44 | Create | Villager (Male) ×5 |
| 17:44 | Create | Villager (Male) ×5 |
| 17:45 | Create | Villager (Male) ×5 |
| 17:45 | Create | Villager (Male) |
| 18:23 | Build | House |
| 18:24 | Build | House |
| 18:31 | Create | Villager (Male) ×3 |
| 18:35 | Build | Farm |
| 18:35 | Build | Farm |
| 18:35 | Build | Farm |
| 18:35 | Build | Farm |
| 18:43 | Build | Farm |
| 18:43 | Build | Farm |
| 18:43 | Build | Farm |
| 18:44 | Build | Farm |
| 18:44 | Build | Farm |
| 18:48 | Create | Villager (Male) |
| 19:29 | Create | Villager (Male) ×4 |
| 19:30 | Create | Villager (Male) ×4 |
| 19:37 | Build | Farm |
| 19:37 | Build | Farm |
| 19:38 | Build | Farm |
| 19:38 | Build | Farm |
| 19:44 | Create | Villager (Male) ×2 |
| 19:44 | Create | Villager (Male) ×2 |
| 19:47 | Build | Farm |
| 19:48 | Build | Farm |
| 19:48 | Build | Farm |
| 19:52 | Create | Villager (Male) ×2 |
| 19:52 | Create | Villager (Male) ×2 |
| 19:56 | Build | House |
| 19:57 | Build | House |
| 19:58 | Build | House |
| 20:00 | Build | House |
| 20:06 | Create | Battle Elephant |
| 20:18 | Create | Battle Elephant |
| 21:07 | Create | Villager (Male) ×5 |
| 21:07 | Create | Villager (Male) ×5 |
| 21:08 | Research | Loom |
| 21:24 | Build | Farm |
| 21:24 | Build | Farm |
| 21:25 | Build | Farm |
| 21:25 | Build | Farm |
| 21:25 | Build | Farm |
| 21:34 | Build | Farm |
| 21:34 | Build | Farm |
| 22:18 | Create | Villager (Male) ×5 |
| 22:20 | Research | Wheelbarrow |
| 22:31 | Research | Gold Mining |
| 22:55 | Build | Stable |
| 22:57 | Build | Stable |
| 23:11 | Build | Farm |
| 23:11 | Build | Farm |
| 24:08 | Research | Imperial Age |
| 24:36 | Research | Hand Cart |
| 24:36 | Research | Loom |
| 24:37 | Research | Town Watch |
| 25:06 | Build | Siege Workshop |
| 25:08 | Build | Siege Workshop |
| 25:21 | Build | Blacksmith |
| 26:04 | Create | Scorpion |
| 26:04 | Create | Scorpion |
| 26:49 | Create | Scorpion |
| 26:49 | Create | Scorpion |
| 26:56 | Create | Villager (Male) ×5 |
| 26:57 | Create | Villager (Male) ×5 |
| 26:57 | Create | Villager (Male) ×5 |
| 27:03 | Build | Siege Workshop |
| 27:08 | Build | Siege Workshop |
| 27:18 | Age | Imperial Age |
| 27:20 | Build | University |
| 27:24 | Research | Fletching |
| 27:34 | Build | Siege Workshop |
| 27:43 | Create | Villager (Male) ×5 |
| 27:45 | Create | Villager (Male) ×5 |
| 27:45 | Create | Villager (Male) ×5 |
Build order — Cardboard
First 150 of 159 actions detected
| 0:02 | Build | House |
| 0:04 | Build | House |
| 0:04 | Create | Villager (Male) |
| 0:05 | Create | Villager (Male) |
| 0:05 | Create | Villager (Male) |
| 0:05 | Create | Villager (Male) |
| 1:55 | Create | Villager (Male) |
| 2:23 | Create | Villager (Male) ×2 |
| 2:49 | Create | Villager (Male) |
| 2:55 | Build | Settlement |
| 3:02 | Create | Villager (Male) |
| 3:02 | Create | Villager (Male) |
| 3:25 | Create | Villager (Male) |
| 3:30 | Build | House |
| 3:39 | Create | Villager (Male) |
| 4:10 | Create | Villager (Male) |
| 4:52 | Create | Villager (Male) |
| 4:52 | Create | Villager (Male) |
| 5:00 | Build | House |
| 5:50 | Create | Villager (Male) |
| 5:50 | Create | Villager (Male) |
| 6:56 | Create | Villager (Male) |
| 6:56 | Create | Villager (Male) |
| 7:31 | Build | Settlement |
| 7:40 | Create | Villager (Male) |
| 7:50 | Build | House |
| 8:11 | Create | Villager (Male) |
| 8:40 | Research | Feudal Age |
| 9:29 | Build | Barracks |
| 9:41 | Build | Settlement |
| 9:51 | Create | Villager (Male) |
| 9:51 | Create | Villager (Male) |
| 10:50 | Age | Feudal Age |
| 10:53 | Build | Market |
| 10:57 | Research | Double-Bit Axe |
| 10:59 | Research | Horse Collar |
| 11:38 | Research | Wheelbarrow |
| 11:47 | Research | Gold Mining |
| 12:29 | Build | Blacksmith |
| 13:09 | Build | Farm |
| 13:09 | Build | Farm |
| 13:09 | Build | Farm |
| 13:10 | Build | Farm |
| 13:10 | Build | Farm |
| 13:10 | Build | Farm |
| 13:12 | Build | Farm |
| 13:13 | Build | Farm |
| 13:13 | Build | Farm |
| 13:23 | Create | Villager (Male) |
| 13:23 | Create | Villager (Male) |
| 14:05 | Build | Farm |
| 14:20 | Build | Farm |
| 14:29 | Create | Villager (Male) |
| 14:29 | Create | Villager (Male) |
| 14:35 | Build | Farm |
| 14:36 | Build | Farm |
| 15:03 | Create | Villager (Male) |
| 15:09 | Build | Farm |
| 15:11 | Build | Farm |
| 15:14 | Create | Villager (Male) |
| 16:13 | Research | Castle Age |
| 16:24 | Build | Barracks |
| 16:31 | Research | Scale Mail Armor |
| 17:15 | Research | Forging |
| 17:32 | Research | Loom |
| 17:34 | Create | Villager (Male) |
| 17:35 | Create | Villager (Male) |
| 17:35 | Create | Villager (Male) |
| 17:35 | Create | Villager (Male) |
| 17:50 | Build | Barracks |
| 18:53 | Age | Castle Age |
| 18:57 | Research | Squires |
| 18:58 | Create | Unit 2586 ×5 |
| 18:58 | Create | Unit 2586 ×5 |
| 19:30 | Build | Siege Workshop |
| 19:48 | Research | Chain Mail Armor |
| 19:57 | Build | Farm |
| 19:58 | Build | Farm |
| 20:15 | Research | Iron Casting |
| 20:43 | Create | Unit 2586 ×2 |
| 20:44 | Create | Unit 2586 |
| 20:58 | Create | Battering Ram |
| 20:59 | Create | Battering Ram |
| 21:20 | Create | Unit 2586 ×2 |
| 21:21 | Create | Unit 2586 ×2 |
| 21:26 | Build | House |
| 21:30 | Build | House |
| 21:35 | Create | Villager (Male) |
| 21:36 | Create | Villager (Male) |
| 22:04 | Create | Battering Ram |
| 22:09 | Create | Unit 2586 ×2 |
| 22:47 | Create | Battering Ram |
| 22:54 | Create | Unit 2586 ×2 |
| 22:55 | Create | Unit 2586 ×2 |
| 23:15 | Create | Villager (Male) |
| 23:16 | Create | Villager (Male) |
| 23:16 | Create | Villager (Male) |
| 23:16 | Create | Villager (Male) |
| 23:17 | Create | Villager (Male) |
| 23:17 | Create | Villager (Male) |
| 23:17 | Create | Villager (Male) |
| 23:21 | Build | House |
| 23:25 | Build | House |
| 23:26 | Build | House |
| 24:41 | Create | Unit 2586 ×5 |
| 24:41 | Create | Unit 2586 ×2 |
| 25:27 | Create | Unit 2586 ×4 |
| 25:27 | Create | Unit 2586 ×4 |
| 27:53 | Build | House |
| 27:56 | Build | House |
| 27:57 | Build | House |
| 27:58 | Build | House |
| 28:01 | Build | House |
| 28:04 | Build | House |
| 28:06 | Build | House |
| 28:07 | Build | House |
| 28:08 | Build | House |
| 28:56 | Build | University |
| 29:04 | Build | Monastery |
| 30:03 | Research | Imperial Age |
| 30:58 | Build | Town Center |
| 31:09 | Build | Town Center |
| 31:35 | Build | Town Center |
| 32:33 | Research | Fletching |
| 32:37 | Research | Hand Cart |
| 32:38 | Create | Villager (Male) ×5 |
| 32:38 | Create | Villager (Male) ×5 |
| 33:13 | Age | Imperial Age |
| 33:46 | Research | Capped Ram (upgrade) |
| 33:55 | Create | Battering Ram |
| 34:06 | Create | Battering Ram |
| 34:49 | Build | Farm |
| 34:50 | Build | Farm |
| 34:50 | Build | Farm |
| 34:51 | Build | Farm |
| 34:59 | Research | Heavy Plow |
| 34:59 | Research | Bow Saw |
| 35:02 | Research | Stone Mining |
| 35:09 | Research | Gold Shaft Mining |
| 35:32 | Build | Stone Wall |
| 35:53 | Build | Stone Wall |
| 35:57 | Build | Stone Wall |
| 36:00 | Build | Stone Wall |
| 36:13 | Build | Gate |
| 36:18 | Create | Villager (Male) |
| 36:18 | Create | Villager (Male) |
| 36:18 | Create | Villager (Male) |
| 36:18 | Create | Villager (Male) |
| 36:19 | Create | Villager (Male) |
| 36:19 | Create | Villager (Male) |
Build order — felipetbp
First 150 of 430 actions detected
| 0:01 | Create | Villager (Male) |
| 0:01 | Create | Villager (Male) |
| 0:03 | Build | House |
| 0:05 | Build | House |
| 0:08 | Research | Loom |
| 0:28 | Create | Villager (Male) |
| 0:44 | Create | Villager (Male) |
| 0:44 | Create | Villager (Male) |
| 1:19 | Create | Villager (Male) |
| 1:20 | Create | Villager (Male) |
| 2:09 | Create | Villager (Male) |
| 2:10 | Create | Villager (Male) |
| 3:02 | Create | Villager (Male) |
| 3:02 | Create | Villager (Male) |
| 3:02 | Create | Villager (Male) |
| 3:32 | Build | Lumber Camp |
| 3:43 | Create | Villager (Male) |
| 3:43 | Create | Villager (Male) |
| 3:43 | Create | Villager (Male) |
| 3:56 | Build | House |
| 4:25 | Create | Villager (Male) |
| 4:50 | Create | Villager (Male) |
| 5:05 | Build | Mill |
| 5:18 | Create | Villager (Male) |
| 5:30 | Create | Villager (Male) |
| 6:07 | Create | Villager (Male) |
| 6:09 | Build | House |
| 6:13 | Create | Villager (Male) |
| 6:44 | Create | Villager (Male) |
| 6:59 | Create | Villager (Male) |
| 6:59 | Create | Villager (Male) |
| 7:17 | Create | Villager (Male) |
| 7:18 | Create | Villager (Male) |
| 8:29 | Create | Villager (Male) |
| 8:29 | Create | Villager (Male) |
| 8:36 | Build | House |
| 9:29 | Create | Villager (Male) |
| 10:04 | Research | Feudal Age |
| 10:10 | Build | Mining Camp |
| 10:13 | Create | Villager (Male) |
| 10:40 | Create | Villager (Male) |
| 11:24 | Create | Villager (Male) |
| 11:48 | Build | Farm |
| 11:48 | Build | Farm |
| 11:49 | Build | Farm |
| 11:49 | Build | Farm |
| 11:49 | Build | Farm |
| 11:49 | Build | Farm |
| 11:50 | Build | Farm |
| 11:50 | Build | Farm |
| 11:50 | Build | Farm |
| 11:50 | Build | Farm |
| 11:56 | Build | House |
| 12:17 | Age | Feudal Age |
| 12:21 | Research | Wheelbarrow |
| 12:22 | Research | Double-Bit Axe |
| 12:26 | Research | Horse Collar |
| 13:03 | Build | Blacksmith |
| 13:07 | Build | Market |
| 13:09 | Create | Villager (Male) |
| 13:32 | Build | House |
| 13:33 | Build | House |
| 13:43 | Create | Villager (Male) |
| 14:21 | Build | Mining Camp |
| 14:52 | Create | Villager (Male) |
| 15:17 | Create | Villager (Male) |
| 15:22 | Build | Lumber Camp |
| 15:38 | Research | Castle Age |
| 15:38 | Research | Castle Age |
| 16:30 | Build | Barracks |
| 16:52 | Build | Farm |
| 16:52 | Build | Farm |
| 16:52 | Build | Farm |
| 16:53 | Build | Farm |
| 16:53 | Build | Farm |
| 16:53 | Build | Farm |
| 16:59 | Create | Villager (Male) |
| 16:59 | Create | Villager (Male) |
| 18:29 | Age | Castle Age |
| 18:33 | Research | Bow Saw |
| 18:35 | Research | Heavy Plow |
| 18:36 | Research | Stone Mining |
| 18:38 | Research | Gold Mining |
| 18:46 | Build | Town Center |
| 18:53 | Build | Town Center |
| 18:57 | Create | Villager (Male) |
| 19:00 | Research | Hand Cart |
| 19:40 | Build | Siege Workshop |
| 19:44 | Create | Villager (Male) |
| 19:44 | Create | Villager (Male) |
| 19:44 | Create | Villager (Male) |
| 19:48 | Create | Villager (Male) |
| 19:49 | Create | Villager (Male) |
| 20:32 | Create | Mangonel |
| 20:32 | Create | Mangonel |
| 20:37 | Create | Villager (Male) |
| 20:37 | Create | Villager (Male) |
| 20:41 | Create | Villager (Male) |
| 20:57 | Create | Villager (Male) |
| 20:59 | Create | Villager (Male) |
| 21:07 | Build | Town Center |
| 21:08 | Create | Villager (Male) |
| 21:09 | Create | Villager (Male) |
| 21:12 | Create | Villager (Male) |
| 21:13 | Create | Villager (Male) |
| 21:14 | Create | Villager (Male) |
| 21:36 | Build | House |
| 21:38 | Build | House |
| 21:39 | Build | House |
| 21:42 | Build | House |
| 21:43 | Build | House |
| 21:50 | Create | Villager (Male) |
| 21:50 | Create | Villager (Male) |
| 21:50 | Create | Villager (Male) |
| 21:51 | Create | Villager (Male) |
| 22:05 | Build | Monastery |
| 22:09 | Build | University |
| 22:18 | Create | Villager (Male) |
| 22:18 | Create | Villager (Male) |
| 22:19 | Create | Villager (Male) |
| 22:19 | Create | Villager (Male) |
| 22:37 | Create | Villager (Male) |
| 22:38 | Create | Villager (Male) |
| 22:40 | Create | Villager (Male) |
| 22:44 | Create | Villager (Male) |
| 22:44 | Create | Villager (Male) |
| 23:03 | Build | Farm |
| 23:03 | Build | Farm |
| 23:03 | Build | Farm |
| 23:03 | Build | Farm |
| 23:04 | Build | Farm |
| 23:04 | Build | Farm |
| 23:04 | Build | Farm |
| 23:04 | Build | Farm |
| 23:04 | Build | Farm |
| 23:05 | Create | Villager (Male) |
| 23:06 | Create | Villager (Male) |
| 23:09 | Create | Villager (Male) |
| 23:12 | Create | Villager (Male) |
| 23:14 | Create | Villager (Male) |
| 23:18 | Build | House |
| 23:20 | Build | House |
| 23:51 | Create | Villager (Male) |
| 23:52 | Create | Villager (Male) |
| 23:52 | Create | Villager (Male) |
| 23:53 | Create | Villager (Male) |
| 23:53 | Create | Villager (Male) |
| 23:54 | Create | Villager (Male) |
| 24:07 | Build | House |
| 24:08 | Build | House |
Build order — Sheldor
120 actions detected in the replay
| 0:07 | Build | House |
| 0:12 | Build | House |
| 0:31 | Create | Villager (Male) ×4 |
| 1:35 | Create | Villager (Male) |
| 2:03 | Build | Lumber Camp |
| 2:30 | Create | Villager (Male) |
| 2:30 | Create | Villager (Male) |
| 2:49 | Create | Villager (Male) |
| 3:29 | Create | Villager (Male) |
| 4:41 | Build | Mill |
| 4:44 | Create | Villager (Male) |
| 4:45 | Create | Villager (Male) |
| 5:31 | Create | Villager (Male) |
| 6:09 | Build | Lumber Camp |
| 6:48 | Create | Villager (Male) ×5 |
| 7:00 | Build | House |
| 7:03 | Build | House |
| 7:43 | Create | Villager (Male) ×4 |
| 8:37 | Build | Farm |
| 8:37 | Build | Farm |
| 9:13 | Build | Farm |
| 9:28 | Create | Villager (Male) |
| 9:29 | Create | Villager (Male) |
| 9:34 | Create | Villager (Male) |
| 9:36 | Create | Villager (Male) |
| 9:45 | Build | Farm |
| 10:43 | Build | Farm |
| 11:19 | Research | Feudal Age |
| 11:20 | Research | Loom |
| 11:41 | Build | House |
| 11:42 | Build | House |
| 11:43 | Build | House |
| 11:58 | Build | House |
| 12:20 | Build | Farm |
| 12:54 | Build | Mill |
| 13:05 | Build | Barracks |
| 13:20 | Build | Farm |
| 13:20 | Build | Farm |
| 13:41 | Build | Farm |
| 14:02 | Build | Mining Camp |
| 15:39 | Age | Feudal Age |
| 16:10 | Build | Blacksmith |
| 16:34 | Create | Villager (Male) |
| 16:34 | Create | Villager (Male) |
| 16:48 | Build | Archery Range |
| 16:51 | Build | Archery Range |
| 17:29 | Create | Spearman |
| 17:30 | Create | Spearman |
| 17:31 | Create | Spearman |
| 17:32 | Create | Spearman |
| 17:34 | Create | Spearman |
| 18:32 | Build | Mining Camp |
| 18:41 | Build | Market |
| 18:55 | Create | Villager (Male) |
| 18:56 | Create | Villager (Male) |
| 18:58 | Create | Villager (Male) |
| 19:47 | Create | Villager (Male) |
| 20:20 | Research | Castle Age |
| 20:30 | Create | Spearman |
| 20:30 | Create | Spearman |
| 22:19 | Create | Archer ×5 |
| 22:29 | Create | Skirmisher ×5 |
| 22:45 | Create | Skirmisher ×5 |
| 23:15 | Age | Castle Age |
| 23:20 | Build | Castle |
| 23:48 | Build | Stable |
| 23:50 | Build | Stable |
| 24:01 | Research | Crossbowman (upgrade) |
| 24:02 | Create | Archer |
| 24:43 | Research | Light Cavalry (upgrade) |
| 24:44 | Create | Scout Cavalry |
| 24:44 | Create | Scout Cavalry |
| 24:45 | Create | Scout Cavalry |
| 24:47 | Create | Scout Cavalry |
| 24:56 | Research | Padded Archer Armor |
| 24:57 | Research | Fletching |
| 24:58 | Research | Scale Barding Armor |
| 25:39 | Create | Archer |
| 29:57 | Build | Lumber Camp |
| 31:15 | Build | Town Center |
| 31:58 | Research | Double-Bit Axe |
| 32:12 | Create | Villager (Male) ×5 |
| 32:26 | Build | House |
| 32:29 | Build | House |
| 32:32 | Build | House |
| 32:35 | Build | House |
| 32:38 | Build | House |
| 32:39 | Build | House |
| 32:49 | Create | Villager (Male) |
| 32:49 | Create | Villager (Male) |
| 32:49 | Create | Villager (Male) |
| 32:50 | Create | Villager (Male) |
| 34:14 | Build | Town Center |
| 34:26 | Create | Villager (Male) ×5 |
| 35:02 | Build | Blacksmith |
| 35:37 | Build | Farm |
| 36:04 | Build | Farm |
| 36:26 | Build | Market |
| 36:32 | Create | Villager (Male) ×5 |
| 36:43 | Build | Farm |
| 37:01 | Build | Farm |
| 37:05 | Create | Villager (Male) ×5 |
| 37:05 | Create | Villager (Male) ×5 |
| 37:05 | Create | Villager (Male) ×5 |
| 37:06 | Create | Villager (Male) ×5 |
| 37:06 | Create | Villager (Male) ×3 |
| 37:18 | Build | Lumber Camp |
| 37:26 | Build | Farm |
| 37:32 | Build | Farm |
| 38:15 | Build | Farm |
| 38:20 | Build | Farm |
| 38:32 | Create | Villager (Male) ×2 |
| 38:40 | Build | Farm |
| 38:46 | Build | Farm |
| 39:03 | Build | Mining Camp |
| 40:05 | Build | House |
| 40:07 | Build | House |
| 40:08 | Build | House |
| 40:17 | Research | Stone Mining |
| 40:19 | Research | Gold Mining |
Match timeline
| 9:29 | Cardboard · first_building Barracks |
| 10:50 | Cardboard · age_up feudal |
| 12:17 | felipetbp · age_up feudal |
| 12:59 | Nicholas · age_up feudal |
| 13:05 | Sheldor · first_building Barracks |
| 14:36 | Nicholas · first_building Stable |
| 15:39 | Sheldor · age_up feudal |
| 15:40 | Nicholas · age_up castle |
| 16:06 | Cardboard · first_market_buy 100 food |
| 16:17 | Nicholas · first_building Monastery |
| 16:30 | felipetbp · first_building Barracks |
| 16:48 | Sheldor · first_building Archery Range |
| 18:29 | felipetbp · age_up castle |
| 18:53 | Cardboard · age_up castle |
| 19:30 | Cardboard · first_building Siege Workshop |
| 19:40 | felipetbp · first_building Siege Workshop |
| 20:00 | Sheldor · first_market_sell 100 food |
| 22:05 | felipetbp · first_building Monastery |
| 23:15 | Sheldor · age_up castle |
| 23:20 | Sheldor · first_building Castle |
| 23:48 | Sheldor · first_building Stable |
| 24:17 | felipetbp · first_building Stable |
| 25:06 | Nicholas · first_building Siege Workshop |
| 26:32 | felipetbp · first_building Archery Range |
| 27:18 | Nicholas · age_up imperial |
| 28:29 | felipetbp · first_building Castle |
| 29:04 | Cardboard · first_building Monastery |
| 29:58 | Cardboard · first_market_sell 100 food |
| 30:27 | Nicholas · first_market_buy 100 stone |
| 30:45 | Nicholas · first_building Castle |
| 32:59 | felipetbp · age_up imperial |
| 33:13 | Cardboard · age_up imperial |
| 35:32 | Cardboard · wall_segment Stone Wall x31 |
| 35:53 | Cardboard · wall_segment Stone Wall x6 |
| 35:57 | Cardboard · wall_segment Stone Wall x5 |
| 36:00 | Cardboard · wall_segment Stone Wall x11 |
| 36:12 | Nicholas · tribute_sent a jugador 1 |
| 36:12 | Nicholas · tribute_sent a jugador 3 |
| 36:12 | Nicholas · tribute_sent a jugador 4 |
| 40:31 | Nicholas · resign |
[ AI ANALYSIS · 1 CREDIT ]
What really happened in this match?
Wolo.gg analyzes every decision: build order, eco, micro, common mistakes by bracket. Personalized analysis on WhatsApp or Discord in 30 seconds.
Civ guide
Khmer
Perfil
Jugador #23213611